 Dungeon Crawl Stone Soup version 0.21.0-3-g78d12a8 (webtiles) character file.

28 Dfrag the Firebug (level 3, 13/24 HPs)
             Began as a Demonspawn Fire Elementalist on Jan 10, 2018.
             Quit the game on level 2 of the Dungeon.
             The game lasted 00:01:13 (806 turns).

Dfrag the Firebug (Demonspawn Fire Elementalist)     Turns: 806, Time: 00:01:13

Health: 13/24      AC:  3    Str:  8    XL:     3   Next: 0%
Magic:  0/6        EV: 12    Int: 17    God:
Gold:   49         SH:  4    Dex: 13    Spells: 5/6 levels left

rFire    . . .     SeeInvis .   (no weapon)
rCold    . . .     Gourm    .   (no shield)
rNeg     . . .     Faith    .   a - +0 robe
rPois    .         Spirit   .   (no helmet)
rElec    .         Reflect  .   (no cloak)
rCorr    .         Harm     .   h - +0 pair of gloves
MR       .....                  (no boots)
Stlth    ++........             (no amulet)
HPRegen  0.08/turn              (no ring)
MPRegen  0.10/turn              (no ring)

@: no status effects
A: large bone plates 1, spiny 1
a: no special abilities


You were on level 2 of the Dungeon.
You were not hungry.

You visited 1 branch of the dungeon, and saw 2 of its levels.

You collected 49 gold pieces.

Inventory:

Armour
 a - a +0 robe (worn)
 h - a +0 pair of gloves (worn)
Jewellery
 j - an uncursed amulet of rage {unknown}
Scrolls
 d - 3 scrolls of remove curse {unknown}
 f - a scroll of random uselessness {unknown}
 g - a scroll of identify {unknown}
 k - a scroll of amnesia {unknown}
Potions
 e - a potion of curing {unknown}
 i - a potion of lignification {unknown}
Books
 b - a book of Flames

   Spells                             Type                      Level
   a - Flame Tongue                   Conjuration/Fire             1
   b - Throw Flame                    Conjuration/Fire             2
   c - Conjure Flame                  Conjuration/Fire             3
   d - Inner Flame                    Hexes/Fire                   3
   e - Sticky Flame                   Conjuration/Fire             4
   f - Fireball                       Conjuration/Fire             5
Comestibles
 c - a ration
 l - 2 chunks of flesh


   Skills:
 - Level 1.7 Dodging
 - Level 1.7 Stealth
 + Level 2.4 Spellcasting
 + Level 1.9 Conjurations
 + Level 3.1 Fire Magic


You had 5 spell levels left.
You knew the following spells:

 Your Spells              Type           Power        Failure   Level  Hunger
a - Flame Tongue          Conj/Fire      ##...        7%          1    #......


Dungeon Overview and Level Annotations

Branches:
Dungeon (2/15)

Altars:


Innate Abilities, Weirdness & Mutations

You are partially covered in large bone plates. (SH +4)
You are partially covered in sharp spines.


Message History

Aim: a worm (severely wounded)
The flame tongue hits the worm.
The worm is almost dead.
The worm barely misses you.
Casting: Flame Tongue
Confirm with . or Enter, or press ? or * to list all spells.
Aiming: Flame Tongue
Press: ? - help, Shift-Dir - straight line, f/p - worm
Aim: a worm (almost dead)
The flame tongue hits the worm.
You kill the worm!
You have reached level 3!
Your experience leads to an increase in your attributes!
Increase (S)trength, (I)ntelligence, or (D)exterity?
You feel clever.
Your demonic ancestry asserts itself...
Sharp spines emerge from parts of your body.
You see here a worm corpse.
You butcher the worm corpse.
l - 2 chunks of flesh (gained 1) Are you sure you want to abandon this character and quit the game? (Confirm with "yes".)

#########
#<......#
#.#####.# # #.#
#.# .#
##.#####.##.##
#.....##.#...###
#..##.##........
#..##........###
#..#####@##.##
#........# #
#.######## .. ##


There were no monsters in sight!

Vanquished Creatures
  A worm (D:2)
  2 dart slugs (D:1)
  A leopard gecko (D:1)
  6 goblins (D:1)
  3 hobgoblins (D:1)
  3 bats (D:1)
  A frilled lizard (D:1)
  4 rats (D:1)
21 creatures vanquished.

Notes
Turn   | Place    | Note
-------+----------+-------------------------------------------
     0 | D:1      | Dfrag the Demonspawn Fire Elementalist began the quest for the Orb.
     0 | D:1      | Reached XP level 1. HP: 13/13 MP: 3/3
   226 | D:1      | Gained mutation: You are partially covered in large bone plates. (SH +4) [demonic ancestry]
   226 | D:1      | Reached XP level 2. HP: 8/19 MP: 1/5
   357 | D:1      | Reached skill level 3 in Fire Magic
   802 | D:2      | Gained mutation: You are partially covered in sharp spines. [demonic ancestry]
   802 | D:2      | Reached XP level 3. HP: 13/24 MP: 0/6
   806 | D:2      | Quit the game

Skill      XL: |  1  2 |
---------------+-------+-----
Fire Magic     | 3 |  3.1
Dodging        | |  1.7
Stealth        | |  1.7
Spellcasting   | |  2.4
Conjurations   | |  1.9

Action                   || total
-------------------------++-------
Melee: Unarmed           ||    27
 Cast: Flame Tongue      ||    36
Armor: Robe              ||     6
Dodge: Dodged            ||    28
Block: Other             ||     4
